TOP OF THE 1ST |
Missoula Osprey batting - Pitching for San Francisco (APP) Giants : RHP Dylan Mosley
|
Pitching: RHP Dylan Mosley
|
|
Batting: SHB Roger Holmes
|
0-0: Ball 1-0: Ball 2-0: Ball 3-0: Base on Balls
|
Batting: RHB Paul Schreiber
|
0-0: Ball 1-0: Ball 2-0: SINGLE (Groundball, 4M, EV 108.1 MPH) (infield hit) Roger Holmes to second
|
Batting: SHB Evan Armagost
|
0-0: Ball 1-0: Ball 2-0: Fielders Choice at 2nd, 3-6 (Groundball, 3, EV 96.3 MPH) Roger Holmes to third
|
Batting: RHB Antonio Luisa
|
0-0: Ball 1-0: Swinging Strike 1-1: Called Strike 1-2: Foul Ball, location: 2F 1-2: Foul Ball, location: 2F 1-2: Foul Ball, location: 2F 1-2: Ball 2-2: Foul Ball, location: 2F 2-2: Ball 3-2: Base on Balls Evan Armagost to second
|
Batting: LHB Enrique Ponce
|
0-0: Fielders Choice at 2nd, 4-6 (Groundball, 4, EV 80.6 MPH) Roger Holmes scores Evan Armagost to third
|
Batting: LHB Omar Marquez
|
0-0: Ball Enrique Ponce steals 2nd base 1-0: SINGLE (Groundball, 6MD, EV 95.6 MPH) Evan Armagost scores Enrique Ponce to third
|
Batting: RHB Ernesto Zamora
|
0-0: Ball 1-0: Foul Ball, location: 2F 1-1: Called Strike 1-2: Ball 2-2: Fly out, F4 (Popup, 4MD, EV 63.8 MPH)
|
Top of the 1st over - 2 runs, 2 hits, 0 errors, 2 left on base; Missoula 2 - San Francisco (APP) 0 |
BOTTOM OF THE 1ST |
San Francisco (APP) Giants batting - Pitching for Missoula Osprey : RHP Adam Maida
|
Pitching: RHP Adam Maida
|
|
Batting: RHB Jeremy Bailey
|
0-0: Foul Ball, location: 2F 0-1: Foul Ball, location: 2F 0-2: Ball 1-2: Ball 2-2: Foul Ball, location: 2F 2-2: Foul Ball, location: 2F 2-2: Ball 3-2: Foul Ball, location: 2F 3-2: Foul Ball, location: 2F 3-2: SINGLE (Groundball, 4M, EV 106.3 MPH) (infield hit)
|
Batting: RHB Pedro Quezada
|
0-0: Ball 1-0: Ball 2-0: Fielders Choice at 2nd, 4-6 (Groundball, 34, EV 110.6 MPH)
|
Batting: RHB Bill Defazio
|
0-0: Ball 1-0: Ball Pedro Quezada steals 2nd base 2-0: Ball 3-0: Called Strike 3-1: Ground out 6-3 (Groundball, 6, EV 103.8 MPH)
|
Batting: RHB Teruhide Horiuchi
|
0-0: Fly out, F3 (Line Drive, 3, EV 65.0 MPH)
|
Bottom of the 1st over - 0 runs, 1 hit, 0 errors, 1 left on base; Missoula 2 - San Francisco (APP) 0 |
TOP OF THE 2ND |
Missoula Osprey batting - Pitching for San Francisco (APP) Giants : RHP Dylan Mosley
|
Batting: LHB Jeff Harmon
|
0-0: Ball 1-0: Ball 2-0: Called Strike 2-1: Foul Ball, location: 2F 2-2: Foul Ball, location: 2F 2-2: Foul Ball, location: 2F 2-2: Ball 3-2: SINGLE (Line Drive, 6MD, EV 95.0 MPH)
|
Batting: SHB Ed Vargas
|
0-0: Ball 1-0: Ball 2-0: Swinging Strike 2-1: Ball 3-1: Base on Balls Jeff Harmon to second
|
Batting: SHB Roger Holmes
|
0-0: Ball 1-0: Foul Ball, location: 2F 1-1: Ball 2-1: Called Strike 2-2: Ball 3-2: Base on Balls Jeff Harmon to third Ed Vargas to second
|
Batting: RHB Paul Schreiber
|
0-0: Called Strike 0-1: SINGLE (Groundball, 4MD, EV 105.6 MPH) Jeff Harmon scores Ed Vargas to third Roger Holmes to second
|
Batting: SHB Evan Armagost
|
0-0: Foul Ball, location: 2F 0-1: Swinging Strike 0-2: Ball 1-2: Foul Ball, location: 2F 1-2: Strikes out looking
|
Batting: RHB Antonio Luisa
|
0-0: Ball 1-0: Reached on error, E6 (Groundball, 56, EV 85.6 MPH) Ed Vargas scores Roger Holmes to third Paul Schreiber to second
|
Batting: LHB Enrique Ponce
|
0-0: Ball 1-0: Called Strike 1-1: Foul Ball, location: 2F 1-2: Ball 2-2: Fielders Choice at 2nd, 6-4 (Groundball, 6, EV 102.5 MPH) Roger Holmes scores Paul Schreiber to third
|
Batting: LHB Omar Marquez
|
0-0: Foul Ball, location: 2F 0-1: Ball 1-1: Foul Ball, location: 2F 1-2: Strikes out swinging
|
Top of the 2nd over - 3 runs, 2 hits, 1 error, 2 left on base; Missoula 5 - San Francisco (APP) 0 |
BOTTOM OF THE 2ND |
San Francisco (APP) Giants batting - Pitching for Missoula Osprey : RHP Adam Maida
|
Batting: RHB Frank Pena
|
0-0: Called Strike 0-1: Ground out 6-3 (Groundball, 6, EV 91.9 MPH)
|
Batting: RHB Ed Broomhead
|
0-0: Ball 1-0: Foul Ball, location: 2F 1-1: Foul Ball, location: 2F 1-2: Ball 2-2: Strikes out looking
|
Batting: RHB David Andrews
|
0-0: Fly out, F9 (Flyball, 9S, EV 93.8 MPH)
|
Bottom of the 2nd over - 0 runs, 0 hits, 0 errors, 0 left on base; Missoula 5 - San Francisco (APP) 0 |
TOP OF THE 3RD |
Missoula Osprey batting - Pitching for San Francisco (APP) Giants : RHP Dylan Mosley
|
Batting: RHB Ernesto Zamora
|
0-0: Ball 1-0: Called Strike 1-1: Foul Ball, location: 2F 1-2: Ball 2-2: Strikes out swinging
|
Batting: LHB Jeff Harmon
|
0-0: Called Strike 0-1: Ball 1-1: Ball 2-1: Foul Ball, location: 2F 2-2: Ball 3-2: Foul Ball, location: 2F 3-2: Foul Ball, location: 2F 3-2: Foul Ball, location: 2F 3-2: Foul Ball, location: 2F 3-2: SINGLE (Groundball, 34D, EV 104.4 MPH)
|
Batting: SHB Ed Vargas
|
0-0: DOUBLE (Line Drive, 5D, EV 95.0 MPH) Jeff Harmon to third
|
Batting: SHB Roger Holmes
|
0-0: Called Strike 0-1: Ball 1-1: Hit by Pitch
|
Batting: RHB Paul Schreiber
|
0-0: Ball 1-0: Ball 2-0: Ball 3-0: Base on Balls Jeff Harmon scores Ed Vargas to third Roger Holmes to second
|
Pitching: RHP Jay Kouns
|
|
Batting: SHB Evan Armagost
|
0-0: Ball 1-0: Foul Ball, location: 2F 1-1: Foul Ball, location: 2F 1-2: Grounds into double play, 4-6-3 (Groundball, 4, EV 92.5 MPH)
|
Top of the 3rd over - 1 run, 2 hits, 0 errors, 2 left on base; Missoula 6 - San Francisco (APP) 0 |
BOTTOM OF THE 3RD |
San Francisco (APP) Giants batting - Pitching for Missoula Osprey : RHP Adam Maida
|
Batting: RHB Alexis Andrade
|
0-0: Foul Ball, location: 2F 0-1: Ball 1-1: Ground out 4-3 (Groundball, 4, EV 97.5 MPH)
|
Batting: RHB Bob Schweiger
|
0-0: Called Strike 0-1: Foul Ball, location: 2F 0-2: Foul Ball, location: 2F 0-2: Ground out 6-3 (Groundball, 6, EV 87.5 MPH)
|
Batting: RHB Jeremy Bailey
|
0-0: Foul Ball, location: 2F 0-1: Called Strike 0-2: Strikes out swinging
|
Bottom of the 3rd over - 0 runs, 0 hits, 0 errors, 0 left on base; Missoula 6 - San Francisco (APP) 0 |
TOP OF THE 4TH |
Missoula Osprey batting - Pitching for San Francisco (APP) Giants : RHP Jay Kouns
|
Batting: RHB Antonio Luisa
|
0-0: Ball 1-0: Ground out 4-3 (Groundball, 4, EV 83.8 MPH)
|
Batting: LHB Enrique Ponce
|
0-0: Fly out, F8 (Flyball, 8LD, EV 108.8 MPH)
|
Batting: LHB Omar Marquez
|
0-0: Called Strike 0-1: Ball 1-1: Ball 2-1: Ground out 4-3 (Groundball, 4, EV 78.1 MPH)
|
Top of the 4th over - 0 runs, 0 hits, 0 errors, 0 left on base; Missoula 6 - San Francisco (APP) 0 |
BOTTOM OF THE 4TH |
San Francisco (APP) Giants batting - Pitching for Missoula Osprey : RHP Adam Maida
|
Batting: RHB Pedro Quezada
|
0-0: Foul Ball, location: 2F 0-1: Called Strike 0-2: Ball 1-2: Foul Ball, location: 2F 1-2: Fly out, F8 (Flyball, 89XD, EV 93.1 MPH)
|
Batting: RHB Bill Defazio
|
0-0: Called Strike 0-1: Swinging Strike 0-2: Strikes out looking
|
Batting: RHB Teruhide Horiuchi
|
0-0: Ball 1-0: Ball 2-0: Called Strike 2-1: Single, Error in OF, E8, batter to second base (Groundball, 4MD, EV 98.8 MPH)
|
Batting: RHB Frank Pena
|
0-0: Called Strike 0-1: Called Strike 0-2: Foul Ball, location: 2F 0-2: Ball 1-2: Strikes out swinging
|
Bottom of the 4th over - 0 runs, 1 hit, 1 error, 1 left on base; Missoula 6 - San Francisco (APP) 0 |
TOP OF THE 5TH |
Missoula Osprey batting - Pitching for San Francisco (APP) Giants : RHP Jay Kouns
|
Batting: RHB Ernesto Zamora
|
0-0: Ball 1-0: Ball 2-0: Called Strike 2-1: Foul Ball, location: 2F 2-2: Strikes out looking
|
Batting: LHB Jeff Harmon
|
0-0: Swinging Strike 0-1: Called Strike 0-2: Ball 1-2: Ground out 6-3 (Groundball, 6, EV 91.3 MPH)
|
Pitching: LHP Mark Gregor
|
|
Batting: SHB Ed Vargas
|
0-0: Swinging Strike 0-1: Swinging Strike 0-2: Ball 1-2: Foul Ball, location: 2F 1-2: Strikes out swinging
|
Top of the 5th over - 0 runs, 0 hits, 0 errors, 0 left on base; Missoula 6 - San Francisco (APP) 0 |
BOTTOM OF THE 5TH |
San Francisco (APP) Giants batting - Pitching for Missoula Osprey : RHP Adam Maida
|
Batting: RHB Ed Broomhead
|
0-0: Called Strike 0-1: Swinging Strike 0-2: Strikes out swinging
|
Pitching: RHP John Petersen
|
|
Batting: RHB David Andrews
|
0-0: Ball 1-0: Swinging Strike 1-1: Swinging Strike 1-2: Foul Ball, location: 2F 1-2: Strikes out swinging
|
Batting: RHB Alexis Andrade
|
0-0: Fly out, F4 (Flyball, 34D, EV 84.4 MPH)
|
Bottom of the 5th over - 0 runs, 0 hits, 0 errors, 0 left on base; Missoula 6 - San Francisco (APP) 0 |
TOP OF THE 6TH |
Missoula Osprey batting - Pitching for San Francisco (APP) Giants : LHP Mark Gregor
|
Batting: SHB Roger Holmes
|
0-0: Ball 1-0: Foul Ball, location: 2F 1-1: Called Strike 1-2: Foul Ball, location: 2F 1-2: Ball 2-2: Strikes out swinging
|
Batting: RHB Paul Schreiber
|
0-0: Called Strike 0-1: SOLO HOME RUN (Flyball, 9D, EV 98.1 MPH), Distance : 386 ft
|
Batting: SHB Evan Armagost
|
0-0: Called Strike 0-1: Foul Ball, location: 2F 0-2: Strikes out looking
|
Batting: RHB Antonio Luisa
|
0-0: Ball 1-0: Ball 2-0: Ball 3-0: Base on Balls
|
Pitching: LHP Jack Klein
|
|
Batting: LHB Enrique Ponce
|
0-0: Called Strike 0-1: Ball 1-1: Foul Ball, location: 2F 1-2: Strikes out swinging
|
Top of the 6th over - 1 run, 1 hit, 0 errors, 1 left on base; Missoula 7 - San Francisco (APP) 0 |
BOTTOM OF THE 6TH |
San Francisco (APP) Giants batting - Pitching for Missoula Osprey : RHP John Petersen
|
Batting: RHB Bob Schweiger
|
0-0: Ground out 5-3 (Groundball, 56, EV 92.5 MPH)
|
Batting: RHB Jeremy Bailey
|
0-0: Called Strike 0-1: Called Strike 0-2: Ball 1-2: Ground out 3-1 (Groundball, 34, EV 87.5 MPH)
|
Batting: RHB Pedro Quezada
|
0-0: Ball 1-0: Ball 2-0: Ball 3-0: Base on Balls
|
Batting: RHB Bill Defazio
|
0-0: Ball 1-0: Ball Pedro Quezada steals 2nd base 2-0: Ball 3-0: Called Strike 3-1: Foul Ball, location: 2F 3-2: Ground out 4-3 (Groundball, 4, EV 86.9 MPH)
|
Bottom of the 6th over - 0 runs, 0 hits, 0 errors, 1 left on base; Missoula 7 - San Francisco (APP) 0 |
TOP OF THE 7TH |
Missoula Osprey batting - Pitching for San Francisco (APP) Giants : LHP Jack Klein
|
Pinch Hitting: RHB Mike Eagerton
|
0-0: Ball 1-0: Ball 2-0: Ball 3-0: Base on Balls
|
Batting: RHB Ernesto Zamora
|
0-0: Called Strike 0-1: Ball 1-1: Fly out, F7 (Flyball, 78S, EV 82.5 MPH)
|
Batting: LHB Jeff Harmon
|
0-0: Ball 1-0: Foul Ball, location: 2F 1-1: DOUBLE (Flyball, 8RXD, EV 106.9 MPH) Mike Eagerton to third
|
Batting: SHB Ed Vargas
|
0-0: Called Strike 0-1: Ball 1-1: Ball 2-1: Foul Ball, location: 2F 2-2: Ground out 6-3 (Groundball, 6M, EV 88.1 MPH) Mike Eagerton scores Jeff Harmon to third
|
Pitching: RHP Nick McDade
|
|
Batting: SHB Roger Holmes
|
0-0: Ball 1-0: Ball 2-0: Swinging Strike 2-1: Swinging Strike 2-2: Ball 3-2: Base on Balls
|
Batting: RHB Paul Schreiber
|
0-0: Ball 1-0: Called Strike 1-1: Foul Ball, location: 2F 1-2: Ball 2-2: Ball 3-2: Base on Balls Roger Holmes to second
|
Batting: SHB Evan Armagost
|
0-0: Called Strike 0-1: Swinging Strike 0-2: SINGLE (Groundball, 34D, EV 94.4 MPH) Jeff Harmon scores Roger Holmes to third Paul Schreiber to second Runner from 3rd tries for Home, SAFE, throw by RF to home
|
Pinch Hitting: RHB Jonathan Mora
|
0-0: Foul Ball, location: 2F 0-1: Ball 1-1: Ball 2-1: Ball 3-1: Ground out 5-3 (Groundball, 56S, EV 81.9 MPH)
|
Top of the 7th over - 3 runs, 2 hits, 0 errors, 2 left on base; Missoula 10 - San Francisco (APP) 0 |
BOTTOM OF THE 7TH |
San Francisco (APP) Giants batting - Pitching for Missoula Osprey : RHP John Petersen
|
Pitching: RHP Jaden Peterson
|
|
Now at 1B: Jonathan Mora
|
|
Now in LF: Paul Schreiber
|
|
Now in RF: Mike Eagerton
|
|
Batting: RHB Teruhide Horiuchi
|
0-0: Called Strike 0-1: Foul Ball, location: 2F 0-2: Foul Ball, location: 2F 0-2: Strikes out looking
|
Batting: RHB Frank Pena
|
0-0: Called Strike 0-1: Ball 1-1: Foul Ball, location: 2F 1-2: Ball 2-2: Strikes out swinging
|
Batting: RHB Ed Broomhead
|
0-0: Ground out 5-3 (Groundball, 5L, EV 90.0 MPH)
|
Bottom of the 7th over - 0 runs, 0 hits, 0 errors, 0 left on base; Missoula 10 - San Francisco (APP) 0 |
TOP OF THE 8TH |
Missoula Osprey batting - Pitching for San Francisco (APP) Giants : RHP Nick McDade
|
Pitching: LHP Gil Longoria
|
|
Batting: LHB Enrique Ponce
|
0-0: Called Strike 0-1: Ball 1-1: Ball 2-1: Ball 3-1: Swinging Strike 3-2: Foul Ball, location: 2F 3-2: Foul Ball, location: 2F 3-2: Strikes out swinging
|
Batting: RHB Mike Eagerton
|
0-0: Foul Ball, location: 2F 0-1: Called Strike 0-2: Foul Ball, location: 2F 0-2: Ball 1-2: Ball 2-2: Ball 3-2: Base on Balls
|
Batting: RHB Ernesto Zamora
|
0-0: SINGLE (Line Drive, 78M, EV 84.4 MPH) Mike Eagerton to second
|
Batting: LHB Jeff Harmon
|
0-0: Ball 1-0: Foul Ball, location: 2F 1-1: Ball 2-1: Ball 3-1: Called Strike 3-2: Strikes out swinging
|
Pitching: RHP Chance Robinson
|
|
Batting: SHB Ed Vargas
|
0-0: Ball 1-0: Ball 2-0: Called Strike 2-1: Swinging Strike 2-2: Ball 3-2: Base on Balls Mike Eagerton to third Ernesto Zamora to second
|
Batting: SHB Roger Holmes
|
0-0: Ball 1-0: Foul Ball, location: 2F 1-1: Swinging Strike 1-2: Strikes out swinging
|
Top of the 8th over - 0 runs, 1 hit, 0 errors, 3 left on base; Missoula 10 - San Francisco (APP) 0 |
BOTTOM OF THE 8TH |
San Francisco (APP) Giants batting - Pitching for Missoula Osprey : RHP Jaden Peterson
|
Batting: RHB David Andrews
|
0-0: Ball 1-0: Called Strike 1-1: Ball 2-1: Ball 3-1: Base on Balls
|
Batting: RHB Alexis Andrade
|
0-0: Ball 1-0: Called Strike 1-1: Fielders Choice at 2nd, 1-6 (Groundball, 13S, EV 68.1 MPH)
|
Pitching: RHP Rick Foster
|
|
Batting: RHB Bob Schweiger
|
0-0: Grounds into double play, 5-4-3 (Groundball, 15, EV 92.5 MPH)
|
Bottom of the 8th over - 0 runs, 0 hits, 0 errors, 0 left on base; Missoula 10 - San Francisco (APP) 0 |
TOP OF THE 9TH |
Missoula Osprey batting - Pitching for San Francisco (APP) Giants : RHP Chance Robinson
|
Batting: RHB Paul Schreiber
|
0-0: SINGLE (Line Drive, 9S, EV 106.9 MPH)
|
Batting: SHB Evan Armagost
|
0-0: Swinging Strike 0-1: Grounds into double play, 5-4-3 (Groundball, 56S, EV 85.6 MPH)
|
Batting: RHB Jonathan Mora
|
0-0: Called Strike 0-1: Called Strike 0-2: SINGLE (Groundball, 56D, EV 101.9 MPH)
|
Batting: LHB Enrique Ponce
|
0-0: Ball 1-0: Called Strike 1-1: Ball 2-1: Ground out 4-3 (Groundball, 4, EV 107.5 MPH)
|
Top of the 9th over - 0 runs, 2 hits, 0 errors, 1 left on base; Missoula 10 - San Francisco (APP) 0 |
BOTTOM OF THE 9TH |
San Francisco (APP) Giants batting - Pitching for Missoula Osprey : RHP Rick Foster
|
Batting: RHB Jeremy Bailey
|
0-0: Foul Ball, location: 2F 0-1: Foul Ball, location: 2F 0-2: SINGLE (Groundball, 5S, EV 75.6 MPH) (infield hit)
|
Batting: RHB Pedro Quezada
|
0-0: Ball 1-0: Ball 2-0: DOUBLE (Flyball, 89D, EV 103.1 MPH) Jeremy Bailey to third
|
Batting: RHB Bill Defazio
|
0-0: Ball 1-0: Foul Ball, location: 2F 1-1: Ground out 4-3 (Groundball, 4, EV 101.9 MPH) Jeremy Bailey scores Pedro Quezada to third
|
Batting: RHB Teruhide Horiuchi
|
0-0: SINGLE (Line Drive, 4D, EV 101.9 MPH) Pedro Quezada scores
|
Batting: RHB Frank Pena
|
0-0: Ball 1-0: Swinging Strike 1-1: Ball 2-1: Foul Ball, location: 2F 2-2: Grounds into double play, 6-4-3 (Groundball, 6, EV 110.6 MPH)
|
Bottom of the 9th over - 2 runs, 3 hits, 0 errors, 0 left on base; Missoula 10 - San Francisco (APP) 2 |
|